 Dungeon Crawl Stone Soup version 0.23-a0-261-g133332c (webtiles) character file.

12716 epen the Covert (level 11, -19/58 HPs)
             Began as a Spriggan Monk on Sept 29, 2018.
             Was an Initiate of Gozag.
             Demolished by a komodo dragon (23 damage)
             ... on level 1 of the Lair of Beasts.
             The game lasted 00:29:28 (13798 turns).

epen the Covert (Spriggan Monk)                    Turns: 13798, Time: 00:29:29

Health: -19/58     AC: 10    Str:  7    XL:     11   Next: 66%
Magic:  2/18       EV: 31    Int: 12    God:    Gozag
Gold:   2661       SH:  0    Dex: 22    Spells: 12/18 levels left

rFire    + . .     SeeInvis +   g - +2 short sword (protect)
rCold    . . .     Gourm    .   (shield restricted)
rNeg     . . .     Faith    .   b - +1 robe
rPois    .         Spirit   .   (helmet restricted)
rElec    .         Reflect  .   (no cloak)
rCorr    .         Harm     .   (gloves unavailable)
MR       +....                  (boots unavailable)
Stlth    ++++++....             (no amulet)
HPRegen  0.19/turn              m - ring of protection from fire
MPRegen  0.16/turn              y - ring of wizardry

@: gold aura, protection aura, very quick
A: very small, unfitting armour, see invisible, herbivore, speed 3, slow
metabolism 2
a: Potion Petition, Call Merchant, Bribe Branch, Renounce Religion


You were on level 1 of the Lair of Beasts.
You worshipped Gozag.
Gozag was most pleased with you.
You were not hungry.

You visited 2 branches of the dungeon, and saw 11 of its levels.
You also visited: Sewer and Ossuary.

You collected 2781 gold pieces.
You spent 120 gold pieces at shops.

Inventory:

Hand Weapons
 a - a +0 short sword
 g - a +2 short sword of protection (weapon)
Missiles
 n - 7 curare-tipped needles
 r - 2 throwing nets (quivered)
Armour
 b - a +1 robe (worn)
Jewellery
 m - a ring of protection from fire (left hand)
 o - an uncursed amulet of guardian spirit
 y - a ring of wizardry (right hand)
 F - an uncursed amulet of rage
 K - an uncursed ring of ice
 M - an uncursed ring of resist corrosion
Wands
 H - a wand of polymorph (9)
 J - a wand of random effects (21)
Scrolls
 d - 2 scrolls of magic mapping
 f - 10 scrolls of teleportation
 j - 4 scrolls of blinking
 k - 5 scrolls of enchant weapon
 v - a scroll of fog
 x - 2 scrolls of amnesia
 A - 6 scrolls of identify
 G - a scroll of enchant armour
 N - a scroll of fear
Potions
 e - 7 potions of heal wounds
 h - 2 potions of haste
 i - 8 potions of curing
 l - 8 potions of flight
 p - 2 potions of cancellation {unknown}
 q - 2 potions of brilliance {unknown}
 s - 2 potions of magic {unknown}
 t - 6 potions of might
 z - 5 potions of degeneration {unknown}
 B - 2 potions of agility {unknown}
 C - 2 potions of resistance {unknown}
 D - a potion of berserk rage {unknown}
 E - 2 potions of ambrosia {unknown}
 I - a potion of mutation {unknown}
 L - a potion of lignification {unknown}
Comestibles
 c - 15 rations


   Skills:
 + Level 7.5 Fighting
 - Level 12.0 Short Blades
 + Level 12.4 Dodging
 + Level 13.0 Stealth
 + Level 4.1 Spellcasting
 + Level 4.1 Hexes


You had 12 spell levels left.
You knew the following spells:

 Your Spells              Type           Power        Failure   Level  Hunger
a - Confuse               Hex            ##......     4%          3    ###....
b - Dazzling Spray        Conj/Hex       #.....       12%         3    ###....

Your spell library contained the following spells:

 Spells                   Type           Power        Failure   Level  Hunger
 Corona                   Hex            ##.....      1%          1    #......
 Tukima's Dance           Hex            ##......     4%          3    ###....
 Ensorcelled Hibernation  Hex/Ice        #.....       6%          2    ##.....
 Flame Tongue             Conj/Fire      #....        9%          1    #......
 Magic Dart               Conj           #...         9%          1    #......
 Inner Flame              Hex/Fire       #.......     12%         3    ###....
 Searing Ray              Conj           #.....       13%         2    ##.....
 Throw Flame              Conj/Fire      #.....       13%         2    ##.....
 Conjure Flame            Conj/Fire      #.......     26%         3    ###....
 Fulminant Prism          Conj/Hex       #.........   34%         4    #####..
 Force Lance              Conj/Tloc      #.......     61%         4    #####..
 Iskenderun's Mystic Bla  Conj           #.......     61%         4    #####..
 Sticky Flame             Conj/Fire      #.......     61%         4    #####..
 Fireball                 Conj/Fire      #.........   91%         5    ######.


Dungeon Overview and Level Annotations

Branches:
Dungeon (10/15)            Temple (0/1) D:6            Lair (1/6) D:9
    Orc (0/2) D:10

Altars:
Elyvilon
Gozag
Hepliaklqana
Kikubaaqudgha
Makhleb
Nemelex Xobeh
Okawaru
Ru
Trog
Xom
Yredelemnul
The Shining One

Shops:
D:4 !   D:7 (


Innate Abilities, Weirdness & Mutations

You are very small and have problems with some larger weapons.
You are too small for most types of armour.
You have supernaturally acute eyesight. (SInv)
You are a herbivore.
You cover ground extremely quickly.
You need to consume almost no food.


Message History

The komodo dragon is moderately wounded.
The komodo dragon barely misses you.
You hit the komodo dragon.
The komodo dragon is heavily wounded.
You hit the komodo dragon.
The komodo dragon is heavily wounded.
The komodo dragon misses you.
You hit the komodo dragon.
The komodo dragon is severely wounded.
You hit the komodo dragon.
The komodo dragon is severely wounded.
The komodo dragon bites you!!
* * * LOW HITPOINT WARNING * * *
You hit the komodo dragon.
The komodo dragon is almost dead.
You hit the komodo dragon.
The komodo dragon is almost dead.
The komodo dragon bites you!!
You die...
Your body crumbles into a pile of gold.

##.... #. ##..#. ##.
###### ....## # P. .....#
P... .# #.## .....####.#
$ . ####.## .......#..##
###$ .# #.....#
≈....#..+..###$###.#
#.>..
≈≈...####.#...#....# #
#.... ≈≈....#
#.#....$@l.# +.#....
≈≈≈..## #..........#
#..#... ≈≈≈..#
#.#.######## ###....
≈≈≈.## ###..# ###..
≈≈...# ##.# #.. ≈≈.###
### ..# ###.
....####P###.# #..#
..........##.###########
#.##
....####...............##
#.##


You could see a komodo dragon.

Vanquished Creatures
  A two-headed ogre (D:9)
  A spiny frog (Lair:1)
  6 komodo dragons (Lair:1)
  A troll (D:9)
  4 blink frogs (Lair:1)
  2 hippogriffs
  A wyvern (D:8)
  A spriggan (D:7)
  16 yaks
  A basilisk (Lair:1)
  A hungry ghost (D:10)
  A porcupine (Lair:1)
  7 water moccasins
  An ice beast (D:5)
  Duvessa (D:7)
  3 orc warriors
  4 sky beasts
  2 ogres
  6 centaurs
  2 black bears
  5 wolves (Lair:1)
  A crocodile (Lair:1)
  A big kobold (D:8)
  3 elf zombies (D:6)
  7 bullfrogs
  Dowan (D:7)
  4 water moccasin zombies (Ossuary)
  3 elf skeletons (D:6)
  5 scorpions
  4 killer bees (D:10)
  A howler monkey (D:5)
  An electric eel (Lair:1)
  A bullfrog zombie (D:9)
  5 crimson imps
  3 orc priests
  A centaur zombie (D:5)
  A centaur skeleton (D:10)
  11 hounds
  A human skeleton (D:6)
  An iguana (D:10)
  4 orc wizards
  5 worker ants
  2 big kobold zombies (Ossuary)
  A hound skeleton (D:5)
  2 mummies (Ossuary)
  A howler monkey zombie (D:6)
  A worker ant zombie (D:5)
  7 gnolls
  16 adders
  6 river rats (Sewer)
  A shadow imp (D:8)
  4 oozes
  4 adder zombies (Ossuary)
  An adder skeleton (D:5)
  6 worms
  2 dart slugs (D:1)
  8 leopard geckos
  16 orcs
  13 ball pythons
  11 bats
  18 giant cockroaches
  3 gnoll zombies (Ossuary)
  8 hobgoblins
  2 jackals (D:5)
  8 kobolds
  2 quokkas
  7 frilled lizards
  9 goblins
  2 hobgoblin zombies (Ossuary)
  5 kobold zombies (Ossuary)
  A leopard gecko zombie (D:5)
  2 orc skeletons (D:6)
  5 orc zombies
  A quokka skeleton (D:9)
  26 rats
332 creatures vanquished.

Vanquished Creatures (others)
  A crimson imp (D:5)
  A fungus (Lair:1)
2 creatures vanquished.

Grand Total: 334 creatures vanquished

Notes
Turn   | Place    | Note
-------+----------+-------------------------------------------
     0 | D:1      | epen the Spriggan Monk began the quest for the Orb.
     0 | D:1      | Reached XP level 1. HP: 11/11 MP: 2/2
   553 | D:1      | Reached XP level 2. HP: 16/16 MP: 3/3
  1140 | D:1      | Reached XP level 3. HP: 13/19 MP: 4/4
  1520 | D:2      | Reached skill level 5 in Dodging
  1629 | D:2      | Reached skill level 4 in Stealth
  1683 | D:2      | Reached XP level 4. HP: 23/23 MP: 5/5
  2423 | D:3      | Found a burning altar of Makhleb.
  2430 | D:3      | Found a hazy altar of Hepliaklqana.
  2432 | D:3      | Found a white marble altar of Elyvilon.
  2432 | D:3      | Found a shimmering altar of Xom.
  2432 | D:3      | Found an opulent altar of Gozag.
  2435 | D:3      | Found a sparkling altar of Nemelex Xobeh.
  2454 | D:3      | Became a worshipper of Gozag Ym Sagoz the Greedy
  2800 | D:3      | Reached XP level 5. HP: 28/28 MP: 6/6
  2975 | D:3      | Reached skill level 5 in Short Blades
  3077 | D:3      | Found a glowing drain.
  3087 | Sewer    | Entered a sewer
  3759 | Sewer    | Reached skill level 5 in Stealth
  4143 | Sewer    | Reached XP level 6. HP: 31/32 MP: 5/7
  4703 | D:4      | Found a bloodstained altar of Trog.
  4739 | D:4      | Found an ancient bone altar of Kikubaaqudgha.
  4805 | D:4      | Found Xecweantell's Distillery.
  4813 | D:4      | Bought a potion of heal wounds for 60 gold pieces
  4813 | D:4      | Bought a potion of heal wounds for 60 gold pieces
  4814 | D:4      | Found an iron altar of Okawaru.
  4831 | D:4      | Reached skill level 6 in Stealth
  4831 | D:4      | Reached XP level 7. HP: 36/36 MP: 8/8
  5382 | D:5      | Entered Level 5 of the Dungeon
  5497 | D:5      | Found a shimmering altar of Xom.
  5811 | D:5      | Reached skill level 7 in Stealth
  5823 | D:5      | Reached XP level 8. HP: 27/42 MP: 4/9
  6438 | D:6      | Found a basalt altar of Yredelemnul.
  6829 | D:6      | Found a sand-covered staircase.
  6831 | D:6      | Reached skill level 8 in Stealth
  6835 | Ossuary  | Entered an ossuary
  7832 | D:6      | Reached skill level 5 in Fighting
  7832 | D:6      | Reached XP level 9. HP: 47/47 MP: 10/10
  7961 | D:6      | Reached skill level 9 in Stealth
  7975 | D:6      | Found a glowing golden altar of the Shining One.
  8022 | D:6      | Found a staircase to the Ecumenical Temple.
  8624 | D:7      | Noticed Duvessa
  8627 | D:7      | Noticed Dowan
  8688 | D:7      | Killed Duvessa
  8692 | D:7      | Killed Dowan
  8905 | D:7      | Found Haoffes's Antique Weapon Shoppe.
  9566 | D:8      | Reached skill level 10 in Short Blades
  9566 | D:8      | Reached skill level 10 in Stealth
  9682 | D:8      | Reached skill level 10 in Dodging
  9993 | D:8      | Reached XP level 10. HP: 40/53 MP: 6/11
 10334 | D:9      | Found a staircase to the Lair.
 10858 | D:9      | Found a sacrificial altar of Ru.
 10959 | D:9      | Noticed a two-headed ogre
 10984 | D:9      | Killed a two-headed ogre
 10984 | D:9      | Reached skill level 11 in Stealth
 11267 | D:10     | Entered Level 10 of the Dungeon
 11386 | D:10     | Found a staircase to the Orcish Mines.
 11864 | D:10     | Reached XP level 11. HP: 30/58 MP: 4/12
 11869 | D:10     | Reached skill level 12 in Stealth
 11942 | D:10     | Learned a level 3 spell: Confuse
 12219 | Lair:1   | Entered Level 1 of the Lair of Beasts
 12266 | D:9      | Learned a level 3 spell: Dazzling Spray
 12592 | Lair:1   | Reached skill level 1 in Spellcasting
 12592 | Lair:1   | Reached skill level 1 in Hexes
 12860 | Lair:1   | HP: 2/58 [wolf (5)]
 13762 | Lair:1   | Reached skill level 13 in Stealth
 13798 | Lair:1   | Demolished by a komodo dragon

Vault maps used:
D:1:      eino_arrival_cavern_e
D:2:      first_ration
D:3:      minmay_roachtagon, minitemple, portal_sewer_entry_f
D:4:      lemuel_doored_altar, overflow_temple_1_default, serial_shops,
          nicolae_shop_crystal, hangedman_decor_opposing, trog_book
D:5:      led_xom_imps
D:6:      yredelemnul_altar_generic, minmay_temple_entry_enclosed_plants,
          basic_altar, nicolae_ossuary_entry_catacombs
D:7:      serial_shops, shop_statue, the_bakery, uniq_duvessa
D:8:      grunt_ministairs_15, supply_closet_lemuel
D:9:      kennysheep_mini, dpeg_oklobed_lair
D:10:     orc_0_dummy
Lair:1:   st_stairs_8, beast_lair_carwin_10, grunt_megastairs_4,
          minmay_lair_oklob_chamber, lemuel_fruit_tree,
          infiniplex_staircase_pool
Sewer:    sewer_minmay_w
Ossuary:  ossuary_tomb_2

Skill      XL: |  1  2  3  4  5  6  7  8  9 10 11 |
---------------+----------------------------------+-----
Short Blades   | 4 5 6 7 8 10 12 | 12.0
Dodging        | 5 6 7 8 10 11 12 | 12.4
Stealth        | 4 5 6 7 8 10 11 13 | 13.0
Fighting       | 3 4 5 6 7 |  7.5
Spellcasting   | 4 |  4.1
Hexes          | 4 |  4.1

Action                   |  1- 3 |  4- 6 |  7- 9 | 10-12 || total
-------------------------+-------+-------+-------+-------++-------
Melee: Short sword       |   132 |   492 |   748 |   800 ||  2172
 Cast: Confuse           |       |       |       |    26 ||    26
Evoke: Wand              |       |       |     2 |     9 ||    11
  Use: Scroll            |       |    13 |     3 |     2 ||    18
       Potion            |       |       |     3 |     2 ||     5
 Stab: Sleeping          |    11 |    10 |    44 |    17 ||    82
       Distracted        |       |     2 |     6 |     5 ||    13
       Confused          |       |       |       |     8 ||     8
  Eat: Ration            |       |     1 |     3 |     5 ||     9
Armor: Robe              |    20 |    74 |    60 |    28 ||   182
Dodge: Dodged            |   116 |   503 |   513 |   463 ||  1595

Table legend:
 A = Non-vault XP
 B = Vault XP
 C = Vault XP percentage of total XP
 D = Non-vault monster count
 E = Vault monster count
 F = Vault count percentage of total count
                 A         B        C        D         E       F
            +---------+---------+-------+---------+---------+-------
      Total |   14020 |    4146 |  22.8 |     217 |     116 |  34.8
            +---------+---------+-------+---------+---------+-------
        D:1 |      49 |       0 |   0.0 |      25 |       0 |   0.0
        D:2 |     114 |       0 |   0.0 |      19 |       0 |   0.0
        D:3 |     118 |      35 |  22.9 |      23 |      16 |  41.0
        D:4 |     334 |       0 |   0.0 |      14 |       0 |   0.0
        D:5 |     600 |      93 |  13.4 |      16 |       3 |  15.8
        D:6 |     428 |     557 |  56.5 |      14 |      11 |  44.0
        D:7 |     635 |     434 |  40.6 |      11 |       3 |  21.4
        D:8 |    1431 |     160 |  10.1 |      30 |       2 |   6.2
        D:9 |    2107 |       0 |   0.0 |      11 |       0 |   0.0
       D:10 |    3527 |       0 |   0.0 |      29 |       0 |   0.0
     Lair:1 |    4677 |    2065 |  30.6 |      25 |       8 |  24.2
      Sewer |       0 |     370 | 100.0 |       0 |      48 | 100.0
    Ossuary |       0 |     432 | 100.0 |       0 |      25 | 100.0
            +---------+---------+-------+---------+---------+-------
